Cogmind - Beta 16 --- EXPLORER MODE // 2026.01.27 @ 14:07:24 Player: K.K.Y. Result: Destroyed by as-05725 with Assembled Heavy Rifle Performance ------------- Evolutions (0) 0 Regions Visited (2) 400 Robots Destroyed (20) 100 Value Destroyed (280) 280 Prototype IDs (0) 0 Alien Tech Used (0) 0 Bonus (0) 0 TOTAL SCORE: 780 Bonus ------- None Cogmind --------- Core Integrity 0/250 Matter 258/300 Energy 100/100 System Corruption 0% Temperature Hot (263) Movement Core (350) Ox6 Location -10/Mines Parts ------- > --- POWER (1) -------- (None) > --- PROPULSION (2) --- Light Treads > --- UTILITY (3) ------ Large Storage Unit > --- WEAPON (2) ------- (None) > --- INVENTORY (15) --- Improved Ion Engine Improved Ion Engine Improved Ion Engine Light Treads Light Treads Light Treads Structural Scanner Machine Analyzer Improved Terrain Scanner Particle Gun Mining Laser Peak State ------------ > --- POWER ------------ Improved Ion Engine > --- PROPULSION ------- Light Treads Light Treads > --- UTILITY ---------- Large Storage Unit Sensor Array > --- WEAPON ----------- Particle Gun Particle Gun > --- INVENTORY -------- Improved Ion Engine Improved Ion Engine Improved Ion Engine Light Treads Light Treads Light Treads Machine Analyzer Improved Terrain Scanner Particle Gun Particle Gun Mining Laser [Rating: 12] Favorites ----------- Power Improved Ion Engine Engine Improved Ion Engine Propulsion Light Treads Treads Light Treads Utility Large Storage Unit Device Sensor Array Storage Large Storage Unit Weapon Particle Gun Energy Gun Particle Gun Special Weapon Mining Laser Build | -11 -10 -10 ------- Run | Yrd Mat Min Slots Evolved 1 | . 1 . Power . | . . . Propulsion . | . . . Utility 1 | . 1 . Weapon . | . . . Parts Attached 15 | 6 7 2 Power 2 | 1 1 . Engine 2 | 1 1 . Core . | . . . Reactor . | . . . Propulsion 4 | 2 1 1 Treads 4 | 2 1 1 Leg . | . . . Wheel . | . . . Hover . | . . . Flight . | . . . Utility 3 | 1 2 . Device 1 | . 1 . Storage 2 | 1 1 . Processor . | . . . Hackware . | . . . Protection . | . . . Artifact . | . . . Weapon 6 | 2 3 1 Energy Gun 5 | 2 2 1 Energy Cannon . | . . . Ballistic Gun . | . . . Ballistic Cannon . | . . . Launcher . | . . . Special Weapon 1 | . 1 . Impact Weapon . | . . . Slashing Weapon . | . . . Piercing Weapon . | . . . Special Melee Weapon . | . . . Unidentified Prototypes . | . . . Parts Lost 5 | . . 5 Power 1 | . . 1 Propulsion 2 | . . 2 Utility 1 | . . 1 Weapon 1 | . . 1 Highest Loss Streak 5 | . . 5 To Critical Strikes . | . . . Average Backups 8 | . 9 12 Power 2 | . 2 3 Propulsion 2 | . 2 3 Utility 1 | . 1 3 Weapon 2 | . 2 2 Tool/Special . | . . . Unused Backups 11 | 1 . 10 Power 3 | . . 3 Propulsion 3 | . . 3 Utility 3 | . . 3 Weapon 2 | 1 . 1 Tool/Special . | . . . Average Slot Usage (%) 82 | . 82 76 Engine 11 | . 12 7 Treads 25 | . 25 25 Device 8 | . 8 10 Storage 12 | . 12 12 Energy Gun 24 | . 24 20 Peak Build Rating 12 | 6 12 12 Average Rating 9 | 4 10 10 On Entrance 6 | . 6 12 Avg Prop Armor Cover (%) 36 | . . 36 Naked Turns . | . . . Heaviest Build 34 | 19 34 34 Greatest Support 40 | 40 40 40 Greatest Overweight (x) 6 | . . 6 Average Overweight (x) . | . . . Largest Inventory Capacity 15 | 10 15 15 Average Capacity 14 | 8 14 15 Most Carried 13 | 3 13 13 Average Carried 8 | . 9 12 Final Capacity 15 | 10 15 15 Final Carried 13 | 2 13 11 Class Distribution -------------------- 100% | Hacker-Mutant Dominant Class ---------------- Hacker-Mutant | -10/Materials Hacker-Mutant | -10/Mines Resources | -11 -10 -10 ----------- Run | Yrd Mat Min Matter Collected 350 | 260 90 . Remotely . | . . . Salvage Created 531 | 136 380 15 Parts 38 | 8 30 . Haulers Intercepted 2 | . 2 . Recyclers Shooed 1 | . 1 . Parts Field Recycled . | . . . Retrieved Matter . | . . . Parts Self-Destructed . | . . . Prevented . | . . . Parts Restored . | . . . Kills | -11 -10 -10 ------- Run | Yrd Mat Min Combat Hostiles Destroyed 10 | . 7 3 Guns 10 | . 7 3 Classes Destroyed 10 | 2 7 1 Worker 1 | . 1 . Builder 1 | . 1 . Tunneler 4 | 4 . . Hauler 2 | . 2 . Recycler 1 | 1 . . Mechanic 1 | . 1 . Watcher 3 | . 3 . Swarmer 4 | . 4 . Grunt 3 | . 3 . Assembled 3 | . . 3 Best Kill Streak 5 | 3 5 3 Combat Bots Only 4 | . 4 3 Max Kills in Single Turn 2 | 1 2 2 Gunslinging 1 | . . 1 Exploded . | . . . Melee . | . . . Uniques/NPCs Destroyed . | . . . Combat | -11 -10 -10 -------- Run | Yrd Mat Min Hostile Shots Fired 129 | . 34 95 Missed 30 | . 9 21 Hits 99 | . 25 74 Melee 4 | . . 4 Projectile 95 | . 25 70 AOE 1 | . . 1 Part Disruptions 2 | . . 2 Damage Taken 903 | . 177 726 Core 252 | . 6 246 Absorbed by Shields . | . . . Ignored by Resistances 518 | . 120 398 Core Remaining (%) 100 | 100 . . Volleys Fired 67 | 12 41 14 Largest 2 | 2 2 2 Hottest 165 | 100 165 130 Shots Fired 129 | 24 82 23 Gun 128 | 24 81 23 Cannon . | . . . Launcher . | . . . Special 1 | . 1 . Kinetic . | . . . Thermal 129 | 24 82 23 Explosive . | . . . Electromagnetic . | . . . Robot Hit Streak 30 | 7 30 7 Robot Miss Streak 2 | 2 2 2 Penetration Max . | . . . Secondary Targets 3 | . 2 1 Max Gunslinging Chain 1 | . 1 1 Shots Hit Robots 101 | 17 66 18 Core Hits 31 | 6 21 4 Critical Kills . | . . . Critical Parts Destroyed . | . . . Critical Strikes 9 | 1 7 1 Burn 9 | 1 7 1 Melee Attacks . | . . . Impact . | . . . Slashing . | . . . Piercing . | . . . Sneak Attacks . | . . . Combat Hostiles . | . . . Follow-up Attacks . | . . . Damage Inflicted 1441 | 213 936 292 Guns 1441 | 213 936 292 Cannons . | . . . Explosions . | . . . Melee . | . . . Ramming . | . . . Kinetic . | . . . Thermal 1441 | 213 936 292 Explosive . | . . . Electromagnetic . | . . . Impact . | . . . Slashing . | . . . Piercing . | . . . Highest Corruption . | . . . Average Corruption . | . . . Corruption Purged . | . . . Corruption Blocked . | . . . Overload Shots . | . . . Overflow Damage . | . . . Projectiles . | . . . Explosions . | . . . Melee . | . . . Knockbacks . | . . . Impact . | . . . Kinetic . | . . . Secondary . | . . . Self-Inflicted Damage . | . . . Shots . | . . . Rammed . | . . . Targets Rammed . | . . . Kicked . | . . . Crushed . | . . . Highest Temperature 638 | 195 434 638 Average Temperature 151 | 72 127 309 Received Heat Transfer 293 | . 93 200 Effects 15 | . 4 11 Shutdowns 2 | . 2 . Energy Bleed 1 | . 1 . Matter Decay 1 | . . 1 Short Circuit 4 | . . 4 Damage (minor) 2 | . 1 1 Damage (major) 3 | . . 3 Damage (core) 2 | . . 2 Siege Activations . | . . . Martial Activations . | . . . Shielding Activations . | . . . Robots Disrupted . | . . . Combat Hostiles . | . . . Robots Corrupted . | . . . Combat Hostiles . | . . . Parts Fried . | . . . Impact Corruptions . | . . . Robots Melted . | . . . Combat Hostiles . | . . . Parts Melted 5 | 2 3 . Heat Transferred 4477 | 703 2997 777 Parts Sabotaged . | . . . Parts Stolen . | . . . Parts Stripped . | . . . Power Chain Reactions . | . . . Alert | -11 -10 -10 ------- Run | Yrd Mat Min Maximum Alert Level . | . . . Low Security (%) 100 | 100 100 100 Level 1 . | . . . Level 2 . | . . . Level 3 . | . . . Level 4 . | . . . Level 5 . | . . . High Security . | . . . Max Security . | . . . Peak Influence 107 | 10 107 4 Initial . | . . . Average 6 | 1 7 . Influence Increases 271 | 25 242 4 Destroy 0b10 Robot/C 140 | . 140 . Destroy 0b10 Robot/NC 65 | 25 40 . Destroy Leader 50 | . 50 . Successful Hack 8 | . 8 . Disable Machine 8 | . 4 4 Influence Decreases 271 | 25 242 4 Time Decay 271 | 25 242 4 Squads Dispatched 1 | . 1 . Investigation 1 | . 1 . Extermination . | . . . Reinforcement . | . . . Assault . | . . . Garrison . | . . . Intercept . | . . . Searches Triggered . | . . . Construction Impeded . | . . . Haulers Reinforced . | . . . Active Scanning Responses . | . . . Cargo Convoy Interrupts . | . . . Stealth | -11 -10 -10 --------- Run | Yrd Mat Min Distress Signals . | . . . Communications Jammed . | . . . Distress Signals . | . . . Times Spotted 34 | . 14 20 Peak Tracking Total 19 | . 4 19 Tactical Retreats 2 | . . 2 Traps | -11 -10 -10 ------- Run | Yrd Mat Min Traps Triggered 1 | . 1 . Indirectly . | . . . Trap Hack Attempts . | . . . Triggered . | . . . Disarmed 2 | . 2 . Reprogrammed . | . . . Reused . | . . . Traps Extracted . | . . . Installed . | . . . Triggered . | . . . Machines | -11 -10 -10 ---------- Run | Yrd Mat Min Machines Disabled 2 | . 1 1 Max in Single Turn 1 | . 1 1 Machines Repaired . | . . . Machines Dismantled . | . . . Machines Sabotaged . | . . . Overloaded Fab Kills . | . . . Hacking | -11 -10 -10 --------- Run | Yrd Mat Min Machines Accessed 9 | . 9 . Terminals 7 | . 7 . Fabricators . | . . . Repair Stations . | . . . Recycling Units 2 | . 2 . Scanalyzers . | . . . Garrison Access . | . . . Total Hacks 14 | . 14 . Successful 11 | . 11 . Failed 3 | . 3 . Catastrophic . | . . . Database Lockouts . | . . . Manual 10 | . 10 . Terminals 9 | . 9 . Fabricators . | . . . Repair Stations . | . . . Recycling Units 5 | . 5 . Scanalyzers . | . . . Garrison Access . | . . . Terminal Hacks 1 | . 1 . Disarm Traps 1 | . 1 . Fabricator Hacks . | . . . Repair Station Hacks . | . . . Recycling Unit Hacks 2 | . 2 . Retrieve Components 2 | . 2 . Scanalyzer . | . . . Garrison Access Hacks . | . . . Unauthorized Hacks 8 | . 8 . Terminals 7 | . 7 . Botnet 7 | . 7 . Fabricators . | . . . Repair Stations . | . . . Recycling Units 1 | . 1 . Reject 1 | . 1 . Scanalyzers . | . . . Garrison Access . | . . . Data Cores Recovered . | . . . Used . | . . . Hacking Detections 4 | . 4 . Full Trace Events 2 | . 2 . Feedback Events . | . . . Feedback Blocked . | . . . Robot Schematics Acquired . | . . . Robots Built . | . . . Authchips . | . . . Time . | . . . Total Robot Build Rating . | . . . Part Schematics Acquired . | . . . Parts Built . | . . . Authchips . | . . . Time . | . . . Total Part Build Rating . | . . . Part Studies Acquired . | . . . Parts Repaired . | . . . Time . | . . . Parts Recycled . | . . . Recycled Matter . | . . . Retrieved Matter . | . . . Retrieved Components 12 | . 12 . Parts Scanalyzed . | . . . Part Schematics Acquired . | . . . Parts Damaged . | . . . Bothacking | -11 -10 -10 ------------ Run | Yrd Mat Min Used RIF Installer . | . . . Robots Hacked . | . . . Non-combat . | . . . Combat . | . . . Robot Hacks Applied . | . . . Relay Couplers Released . | . . . Fabnet Peak Effective % . | . . . Robots Rewired . | . . . Allies Hacked . | . . . Hacks Repelled . | . . . Allies | -11 -10 -10 -------- Run | Yrd Mat Min Total Allies . | . . . Largest Group . | . . . Highest-Rated Group . | . . . Highest-Rated Ally . | . . . Total Orders . | . . . Ally Attacks . | . . . Total Damage . | . . . Kills . | . . . Allies Corrupted . | . . . Allies Melted . | . . . Intel | -11 -10 -10 ------- Run | Yrd Mat Min Active Infowar (turns) 1204 | . 1117 87 Sensors 1204 | . 1117 87 Robot Analysis Total . | . . . Derelict Logs Recovered . | . . . Drone Launches . | . . . Drone Recoveries . | . . . Exploration | -11 -10 -10 ------------- Run | Yrd Mat Min Turns Passed 1831 | 154 1576 101 Spaces Moved 978 | 73 872 33 Core 16 | 12 . 4 Treads 962 | 61 872 29 Legs . | . . . Wheels . | . . . Hover . | . . . Flight . | . . . Fastest Speed 50 | 50 160 160 Average Speed 159 | 141 160 183 Slowest Speed 350 | 160 160 350 Overloaded Moves . | . . . Propulsion Burnouts . | . . . Robots Hopped . | . . . Potential Cave-ins . | . . . Cave-ins Triggered . | . . . Exploration Rate (%) 39 | 6 98 14 Regions Visited 2 Branch Regions 1 Pre-discovered Areas . | . . . Known Exits Taken 2 | 1 1 . Unknown Exits Taken . | . . . Scrap Searched . | . . . Spaces Dug . | . . . Terrain Destroyed . | . . . Melee . | . . . Projectile . | . . . AOE . | . . . Terrain Rammed . | . . . Walls Destroyed . | . . . Machines Disabled . | . . . Actions | -11 -10 -10 --------- Run | Yrd Mat Min Total 1122 | 100 969 53 Wait 24 | . 24 . Move 976 | 72 871 33 Hop . | . . . Pick Up 26 | 9 17 . Fast Attach . | . . . Attach 11 | 6 3 2 Detach 4 | . 2 2 Swap 6 | . 6 . Drop 8 | 1 5 2 Fire 67 | 12 41 14 Melee . | . . . Ram . | . . . Kick . | . . . Crush . | . . . Escape Stasis . | . . . Rewire . | . . . Trap . | . . . Miscellaneous . | . . . Route ------- -11/Scrapyard -10/Materials (discovered 5 exits: *Mat x3 / *Min x2) -10/Mines History --------- Turn | Location | Event 4 | -11/Scrapyard | Identified exit to Materials 4 | -11/Scrapyard | Discovered exit to Materials (range 15) 155 | -11/Scrapyard | Entered Materials 155 | -10/Materials | Evolved 1 slot: Utility x1 309 | -10/Materials | Build established: Hacker-Mutant 548 | -10/Materials | Identified exit to Materials 548 | -10/Materials | Discovered exit to Materials (range 14) 751 | -10/Materials | Identified exit to Mines 751 | -10/Materials | Discovered exit to Mines (range 15) 1071 | -10/Materials | Discovered exit to Materials (range 4) 1230 | -10/Materials | Discovered exit to Mines (range 14) 1367 | -10/Materials | Discovered exit to Materials (range 15) 1731 | -10/Materials | Entered Mines 1748 | -10/Mines | Assembled infested the area 1817 | -10/Mines | Core integrity fell below 50% 1824 | -10/Mines | Core integrity fell below 20% 1832 | -10/Mines | Destroyed by as-05725 with Assembled Heavy Rifle Last Messages --------------- (-244). 01809_ Overheating: Lgt. Treads damaged (-17). 01809_ Overheating: Sensor Array damaged (-1). 01812_ Destroyed Asb. Hover Unit. 01813_ Lgt. Treads broken. 01813_ Overheating: Short circuit. 01814_ as-16167 destroyed. 01815_ Particle Gun broken. 01815_ Overheating: Short circuit. 01816_ Particle Gun broken. 01816_ Overheating: Short circuit. 01817_ Overheating: Core damaged (-42). 01818_ Sensor Array broken. 01818_ Overheating: Short circuit. 01818_ Dropped Broken Particle Gun. 01819_ Overheating: Broken Lgt. Treads damaged (-68). 01821_ Overheating: Core damaged (-32). 01826_ Broken Sensor Array destroyed. 01830_ Lgt. Treads destroyed. Map ----- +----------------------------------------------------+ | ????????????? ???????? ???????????????????? | | ????????????# ??????? ???????????????????? | | ????????????# ??????? ###???#?????????????? | | ?????????????# ?????? ### #?????????????? | | ?????????????# #?#### #?????????????? | | ??????????????# ## ???????????????? | | ???????????????# " ##???????????????? | | ?????????????????# " ##??????????????? | | ?????????????????# ##?????????????? | | ?????????????????# %% ###???????????? | | ??????????????????# #??????????? | | ??????????????????## #?????????? | | ???????????????????# % # #?????????? | | ???????????????????## a##### #?????##?????????? | | ????????????????????# aa##??????????????????????? | | ????????????????????# ##?????????????????????? | | ????????????????????## #?????????????????????? | | ?????????????????????## #?????????????????????? | | ??????????????????????## ##?????????????????????? | | ???????????????????????#% #??????????????????????? | | ???????????????????????#%%#??????????????????????? | | ???????????????????????#[[#??????????????????????? | | ???????????????????????# #??????????????????????? | | ???????????????????????# #??????????????????????? | | ???????????????????????# #??????????????????????? | | ???????????????????????# @##?????????????????????? | | ???????????????????????# ##????????????????????? | | ??????????????????###### #### #??????????????? | | ??????????? #?????????????? | | ??????????? #### #????????????? | | ?????????????# ### ##???????#????????????? | | ?????????????## ????## ##?????????????????????? | | ??????????????????????## ##??????????????????????? | | ???????????????????????# #???????????????????????? | | ??????????????????????? ????????????????????????? | | ???????????????????????# ????????????????????????? | | ???????????????????????# ????????????????????????? | | ???????????????????????# ????????????????????????? | | ???????????????????????# ????????????????????????? | | ???????????????????????# ????????????????????????? | | ???????????????????????? ????????????????????????? | | ?????????????????????????????????????????????????? | | ?????????????????????????????????????????????????? | | ?????????????????????????????????????????????????? | | ?????????????????????????????????????????????????? | | ?????????????????????????????????????????????????? | | ?????????????????????????????????????????????????? | | ?????????????????????????????????????????????????? | | ?????????????????????????????????????????????????? | | ?????????????????????????????????????????????????? | +----------------------------------------------------+ Best States ------------- Heat Dissipation 25 Energy Generation 12 Energy Capacity 265 Matter Stores 300 Matter Capacity 300 Sight Range 16 Robot Scan Range 14 Terrain Scan Density 10 Resistance: KI 35 Resistance: TH 35 Resistance: EX 35 Resistance: EM 35 Resistance: I 35 Resistance: S 35 Resistance: P 35 Evasion (%) 50 Recoil Reduction 2 Offensive Hacking 20 Item Schematics ----------------- None Robot Schematics ------------------ None Fabricated ------------ Nothing Repaired ---------- Nothing Studied --------- None Alien Tech Used ----------------- None Achievements -------------- None Challenges ------------ None Game ------ Seed PlexusDisruptorInsulator Manual? 0 Play Time 00:10:11 Cumulative 313.8 hours Start 2026.01.27 @ 13:55:46 End 2026.01.27 @ 14:07:24 Sessions 1 Manual Loads 0 Difficulty Explorer Special Mode None Game No. 493 Rogue 0 Adventurer 0 Explorer 493 Win Type - Total 0 Types 0/0/0/0/0/0/0/0/0/0 Lore% 77 Gallery% 70 Achievement% 56 Wizard Run 0 Options --------- Layout 1 ASCII 0 Keyboard 0 Movement Mouse Keybinds 1 Fullscreen 1 Font 24/Smallcaps Map View 50x35 Zoom Use 0% Tactical HUD 1 Map Filters NONE Filters NONE Steam 1 RUN: 639bf459-ea96-4f72-bb1e-47a49640d285